 Dungeon Crawl Stone Soup version 0.27-a0-343-gfcad680f63 (webtiles) character file.

Game seed: 4139024553458740595

51 jasper the Sneak (level 3, -3/16 HPs)
             Began as a Spriggan Enchanter on Feb 15, 2021.
             Slain by Grinder (7 damage)
             ... while paralysed by Grinder
             ... on level 3 of the Dungeon.
             The game lasted 00:03:16 (1661 turns).

jasper the Sneak (Spriggan Enchanter)               Turns: 1661, Time: 00:03:17

Health: -3/16      AC:  2    Str:  4    XL:     3   Next: 58%
Magic:  8/8        EV:  4    Int: 16    God:
Gold:   47         SH:  0    Dex: 16    Spells: 5/8 levels left

rFire    . . .     SeeInvis +   a - +1 dagger
rCold    . . .     Faith    .   (shield restricted)
rNeg     . . .     Spirit   .   b - +0 robe
rPois    .         Reflect  .   (helmet restricted)
rElec    .         Harm     .   (no cloak)
rCorr    .         Rampage  .   (gloves unavailable)
Will     .....                  (boots unavailable)
Stlth    +.........             (no amulet)
HPRegen  0.05/turn              (no ring)
MPRegen  0.11/turn              (no ring)

@: confused, paralysed, very quick
A: very small, unfitting armour, see invisible, speed 3
a: no special abilities


You were on level 3 of the Dungeon.
You visited 1 branch of the dungeon, and saw 3 of its levels.

You collected 47 gold pieces.

Inventory:

Hand Weapons
 a - a +1 dagger (weapon)
 j - a +1 long sword of draining
Missiles
 c - 64 stones
Armour
 b - a +0 robe (worn)
Scrolls
 d - a scroll of immolation {unknown}
 f - a scroll of enchant armour {unknown}
 h - 2 scrolls of fog {unknown}
 i - 3 scrolls of identify {unknown}
 k - a scroll of enchant weapon {unknown}


   Skills:
 + Level 2.1 Short Blades
 - Level 2.6 Dodging
 + Level 5.2 Stealth
 - Level 3.0 Spellcasting
 + Level 4.2 Hexes
 + Level 0.8 Ice Magic


You had 5 spell levels left.
You knew the following spells:

 Your Spells              Type           Power        Failure   Level
a - Corona                Hex            17%          3%          1
b - Ensorcelled Hibernat  Hex/Ice        20%          10%         2

Your spell library contained the following spells:

 Spells                   Type           Power        Failure   Level
 Confusing Touch          Hex            16%          10%         3
 Tukima's Dance           Hex            16%          10%         3
 Dazzling Flash           Conj/Hex       18%          24%         3


Dungeon Overview and Level Annotations

Branches:
Dungeon (3/15)

Altars:
Dithmenos

Annotations:
D:3 Grinder


Innate Abilities, Weirdness & Mutations

You are very small and have problems with some larger weapons.
You are too small for most types of armour.
You have supernaturally acute eyesight. (SInv)
You cover ground extremely quickly.


Message History

Health restored: 16; MP restored: 8 An adder is nearby!
The adder hisses angrily.
Aiming: Ensorcelled Hibernation (safe; 11% risk of failure)
Press: ? - help, Q - select action, (/) - cycle Shift-Dir - straight line, f - adder
Aim: an adder (chance to affect: 50%)
The adder looks drowsy...
You now have 6/8 mp.
The helpless adder fails to defend itself.
You impale the adder!!
You kill the adder!
You see here an adder corpse.
Found a stone staircase leading down.
MP restored: 8 Grinder comes into view.
Found a silvery potion.
A goblin comes into view. It is wielding a +0 club.
A goblin comes into view. It is wielding a +0 dagger.
Grinder shouts!
The goblin shouts!
You hear a shout!
Grinder blinks!
Aiming: Ensorcelled Hibernation (safe; 10% risk of failure)
Press: ? - help, Q - select action, (/) - cycle Shift-Dir - straight line, f - goblin
Aim: a goblin, wielding a +0 club (chance to affect: 59%)
The goblin looks drowsy...
Grinder hits you.
You writhe in agony.
You take 8 damage, and have 8/16 hp.
MASSIVE DAMAGE!!
You now have 6/8 mp.
It was a potion of curing.
You feel better. Grinder hits you.
You writhe in agony.
You take 2 damage, and have 6/16 hp.
It was a potion of ambrosia.
You are confused.
You feel invigorated. Grinder gestures at you.
You suddenly lose the ability to move!
Grinder hits you.
You writhe in agony.
Grinder hits you.
You writhe in agony.
* * * LOW HITPOINT WARNING * * *
Grinder says, "Just stop there for a second..."
Grinder hits you!
You die...

#.#
#.##########
#..........#
##########.#
... #.#
#.####.#
#......#
#..#########
#..@..!..gg.
##5#########
#># #.# #.#
#.# #.# #.


You could see Grinder and 2 goblins.

Vanquished Creatures
  A gnoll (D:2)
  An adder (D:3)
  A worm (D:2)
  2 giant cockroaches
  2 goblins
  A hobgoblin (D:2)
  3 jackals (D:2)
  A quokka (D:2)
  4 bats
  2 frilled lizards (D:2)
  8 kobolds
  3 rats
29 creatures vanquished.

Vanquished Creatures (others)
  10 toadstools (D:2)
10 creatures vanquished.

Grand Total: 39 creatures vanquished

Notes
Turn   | Place    | Note
-------+----------+-------------------------------------------
     0 | D:1      | jasper the Spriggan Enchanter began the quest for the Orb.
     0 | D:1      | Reached XP level 1. HP: 9/9 MP: 5/5
   407 | D:2      | Reached XP level 2. HP: 9/13 MP: 4/6
   410 | D:2      | Learned a level 2 spell: Ensorcelled Hibernation
   632 | D:2      | Found a shadowy altar of Dithmenos.
   914 | D:2      | Reached skill level 5 in Stealth
   914 | D:2      | Reached XP level 3. HP: 7/16 MP: 1/8
  1652 | D:3      | Noticed Grinder
  1658 | D:3      | Paralysed by Grinder for 4 turns
  1661 | D:3      | Slain by Grinder

Illustrated notes

Levels and vault maps discovered:
D:1:      mrwooster_arrival_statue, layout_rooms
D:2:      cheibrodos_fertilizer, layout_loops_corners,
          nemelex_xobeh_ov_fountains_minmay, overflow_temple_1_default,
          marbit_many_paths, chequers_ecumenical_altar_twisty
D:3:      layout_loops_ring, uniq_robin, uniq_grinder, uniq_jessica

Skill      XL: |  1  2  3 |
---------------+----------+-----
Spellcasting   | 3 |  3.0
Hexes          | 4 |  4.2
Stealth        | 5 |  5.2
Short Blades   | 2 |  2.1
Dodging        | |  2.6
Ice Magic      | |  0.8

Action                   || total
-------------------------++-------
Melee: Dagger            ||    83
 Cast: Corona            ||     5
       Ensorcelled Hiber ||    21
  Use: Potion            ||     2
 Stab: Sleeping          ||    18
Armor: Robe              ||     9
Dodge: Dodged            ||    52

Table legend: (Time is in decaauts)
 A = Elapsed time spent in this place.
 B = Non-inter-level travel time spent in this place.
 C = Inter-level travel time spent in this place.
 D = Time resting spent in this place.
 E = Time spent auto-exploring this place.
 F = Levels seen in this place.
 G = Mean time per level.
                   A        B        C        D        E       F      G
               +--------+--------+--------+--------+--------+-----+--------+
         Total |   1395 |   1395 |      0 |    355 |    777 |   3 |  465.0 |
       Dungeon |   1395 |   1395 |      0 |    355 |    777 |   3 |  465.0 |
               +--------+--------+--------+--------+--------+-----+--------+

Top non-repeatable levels by time:
     D:2: 785 daAuts
     D:3: 455 daAuts
     D:1: 154 daAuts
